 Dungeon Crawl Stone Soup version 0.31-a0-795-g5eb97db20b (webtiles) character file.

Game seed: 11635619820844883805

60 javelincjr the Magician (level 3, 0/24 HPs)
             Began as a Demonspawn Hedge Wizard on Sept 18, 2023.
             Killed from afar by an orc wizard (7 damage)
             ... with a magic dart
             ... on level 2 of the Dungeon.
             The game lasted 00:07:22 (1963 turns).

javelincjr the Magician (Demonspawn Hedge Wizard)   Turns: 1963, Time: 00:07:23

Health: 0/24       AC:  5    Str: 10    XL:     3   Next: 80%
Magic:  1/7        EV: 11    Int: 17    God:
Gold:   41         SH:  0    Dex: 12    Spells: 3/8 levels left

rFire   . . .        a - +0 dagger
rCold   . . .        h - +2 buckler
rNeg    . . .        b - +0 robe
rPois   .            c - +0 hat
rElec   .            (no cloak)
rCorr   .            (no gloves)
SInv    .            i - +0 pair of boots
Will    .....        (no amulet)
Stlth   +            (no ring)
HPRegen 0.24/turn    (no ring)
MPRegen 0.10/turn

%: no passive effects
@: confused
A: slimy green scales 1, condensation shield
a: no special abilities


You were on level 2 of the Dungeon.
You visited 1 branch of the dungeon, and saw 2 of its levels.

You collected 85 gold pieces.
You spent 44 gold pieces at shops.

Inventory:

Hand Weapons
 a - a +0 dagger (weapon)
Armour
 b - a +0 robe (worn)
 c - a +0 hat (worn)
 h - a +2 buckler (worn)
 i - a +0 pair of boots (worn)
Scrolls
 e - 3 scrolls of summoning {unknown}
 g - 3 scrolls of identify {unknown}
 j - a scroll of fog {unknown}
 k - 3 scrolls of revelation {unknown}
 m - a scroll of fear {unknown}
 n - a scroll of blinking {unknown}
 o - a scroll of enchant armour {unknown}
 p - a scroll of enchant weapon {unknown}
Potions
 d - a potion of magic
 f - 2 potions of curing {unknown}
 l - a potion of haste {unknown}


   Skills:
 + Level 2.2 Dodging
 + Level 2.1 Stealth
 + Level 0.4 Shields
 * Level 3.3 Spellcasting
 + Level 1.6 Conjurations
 + Level 1.4 Summonings
 + Level 1.5 Translocations


You had 3 spell levels left.
You knew the following spells:

 Your Spells              Type           Power      Damage    Failure   Level
a - Magic Dart            Conj           32%        1d4       13%         1
b - Call Imp              Summ           14%        N/A       22%         2
c - Blink                 Tloc           16%        N/A       21%         2

Your spell library contained the following spells:

 Spells                   Type           Power      Damage    Failure   Level
 Slow                     Hex            8%         N/A       26%         1
 Cigotuvi's Dreadful Rot  Necr/Pois/Air  4%         N/A       36%         2
 Mephitic Cloud           Conj/Pois/Air  4%         N/A       52%         3


Dungeon Overview and Level Annotations

Branches:
Dungeon (2/15)

Altars:

Shops:
D:1 *(:[:


Innate Abilities, Weirdness & Mutations

You are partially covered in slimy green scales. (AC +2)
A meltable shield of frost defends you. (SH +0)


Message History

You hit the orc.
The orc is moderately wounded.
Your cerulean imp hits the orc but does no damage.
The orc barely misses you.
You barely miss the orc.
The orc is moderately wounded.
The orc hits you with a +0 mace.
* * * LOW HITPOINT WARNING * * *
Your cerulean imp hits the orc from afar with a -4 spear.
You swap places.
Your cerulean imp hits the orc with a -4 spear.
The orc dies!
Your magical contamination has completely faded away.
Your cerulean imp closely misses something.
Something hits your cerulean imp.
An orc wizard appears from thin air!
Reactivating autopickup.
Your cerulean imp hits the orc wizard but does no damage.
The orc wizard gestures at you while chanting.
The puff of flame hits your cerulean imp!
Your cerulean imp misses the orc wizard.
The orc wizard points at you and mumbles some strange words.
Your cerulean imp easily resists.
Your cerulean imp hits the orc wizard but does no damage.
The orc wizard closely misses your cerulean imp.
Your cerulean imp barely misses the orc wizard.
The orc wizard hits your cerulean imp with a +0 dagger.
Your cerulean imp dies!
Your cerulean imp disappears in a puff of smoke!
Casting: Call Imp (safe; 22% risk of failure)
Confirm with . or Enter, or press ? or * to list all spells.
A tiny devil pulls itself out of the air.
The orc wizard points at you and mumbles some strange words.
You are confused.
Okay, then.
The orc wizard points at you and mumbles some strange words.
You are more confused.
The orc wizard points at you and mumbles some strange words.
The magic dart hits you!
You die...

##.##......
#.#
##.####.###
#.#
........#
##†#
....#####
#..# #....#
#.##
.......[
#.#
###.###..
#.# .# ..
#5# .. #
#@# ### #.#
#.# ##.#
#.o# #o##
#. #o# #.o#
#.# #...#)#


You could see an orc wizard (ally target), 2 orcs and a friendly cerulean imp
(summoned).

Vanquished Creatures
  An adder (D:2)
  3 dart slugs
  3 endoplasms
  A giant cockroach (D:2)
  4 hobgoblins
  3 quokkas (D:2)
  5 ball pythons
  7 bats
  4 frilled lizards
  3 goblins
  3 kobolds
  5 rats
42 creatures vanquished.

Vanquished Creatures (collateral kills)
  An orc (D:2)
1 creature vanquished.

Grand Total: 43 creatures vanquished

Notes
Turn   | Place    | Note
-------+----------+-------------------------------------------
     0 | D:1      | javelincjr the Demonspawn Hedge Wizard began the quest for
                  | the Orb.
     0 | D:1      | Reached XP level 1. HP: 13/13 MP: 4/4
   140 | D:1      | Reached skill level 1 in Translocations
   187 | D:1      | Gained mutation: You are partially covered in slimy green
                  | scales. (AC +2) [demonic ancestry]
   187 | D:1      | Reached XP level 2. HP: 3/19 MP: 0/6
   351 | D:1      | Found Enoit's Book Shoppe.
   798 | D:1      | Found Zan Reuh's Book Shoppe.
   828 | D:1      | Found Tios's Weapon Shoppe.
   834 | D:1      | Found Dihel's Assorted Antiques.
   841 | D:1      | Bought a scroll labelled CARORUJUHO for 22 gold pieces
   967 | D:1      | Found Nyxtageu's Armour Boutique.
  1015 | D:1      | Learned a level 2 spell: Call Imp
  1018 | D:1      | Learned a level 2 spell: Blink
  1193 | D:2      | Gained mutation: A meltable shield of frost defends you.
                  | (SH +0) [demonic ancestry]
  1193 | D:2      | Reached XP level 3. HP: 20/24 MP: 1/7
  1321 | D:1      | Bought a scroll labelled KAAT UJIUX for 22 gold pieces
  1963 | D:2      | Killed from afar by an orc wizard

Illustrated notes

Levels and vault maps discovered:
D:1:      scummos_arrival_hexagon, layout_loops_ring, serial_shops, shop,
          nicolae_shop_tiny_glass, shop, shop, nicolae_lakefront_shop,
          minmay_misc_feat_square
D:2:      minmay_chambers_of_ones, layout_rooms, serial_shops,
          nicolae_shop_peninsula

Skill      XL: |  1  2 |
---------------+-------+-----
Translocations | 1 |  1.5
Stealth        | 2 |  2.1
Dodging        | 2 |  2.2
Shields        | |  0.4
Spellcasting   | |  3.3
Conjurations   | |  1.6
Summonings     | |  1.4

Action                     || total
---------------------------++-------
  Melee: Dagger            ||    83
   Cast: Magic Dart        ||    77
         Call Imp          ||     2
   Stab: Sleeping          ||     1
 Armour: Robe              ||    62
  Dodge: Dodged            ||    44
  Block: Buckler           ||    40

Table legend: (Time is in decaauts)
 A = Elapsed time spent in this place.
 B = Non-inter-level travel time spent in this place.
 C = Inter-level travel time spent in this place.
 D = Time resting spent in this place.
 E = Time spent auto-exploring this place.
 F = Levels seen in this place.
 G = Mean time per level.
                   A        B        C        D        E       F      G
               +--------+--------+--------+--------+--------+-----+--------+
         Total |   1967 |   1886 |     81 |     52 |   1482 |   2 |  983.5 |
       Dungeon |   1967 |   1886 |     81 |     52 |   1482 |   2 |  983.5 |
               +--------+--------+--------+--------+--------+-----+--------+

Top non-repeatable levels by time:
     D:1: 1240 daAuts
     D:2: 727 daAuts
